Map: Primeval Wilds

Players

xenos

  • Race: Terran Terran
  • League: Bronze
  • Spawn Location: 12:00

Lonewolf

  • Race: Zerg Zerg
  • Spawn Location: 3:00

ZeRiddle

  • Race: Terran Terran
  • Spawn Location: 9:00

DemonicTutor

  • Race: Terran Terran
  • Spawn Location: 12:00

Neravar - Winner!

  • Race: Protoss Protoss
  • Spawn Location: 7:00

Infamous - Winner!

  • Race: Protoss Protoss
  • League: Silver
  • Spawn Location: 6:00

jsvat - Winner!

  • Race: Zerg Zerg
  • Spawn Location: 5:00

LukasR - Winner!

  • Race: Zerg Zerg
  • Spawn Location: 6:00

VOD

Have the link to the VOD?

Description

Time

  • Played on: April 2, 2018, 4:50 p.m.
  • Length: 17:07
Show
View Real Time Build Order
Export as new Build Order

xenos Terran 

Build Orders: MMM Bio 

Get SALT Encoding   

  12  0:17  Supply Depot  
  12  0:22  Refinery  
  12  0:25  SCV  
  13  0:37  SCV  
  13  0:42  Supply Depot  
  14  0:49  SCV  
  15  1:06  Barracks  
  15  1:12  Engineering Bay  
  15  1:17  SCV  
  16  1:29  SCV  
  17  1:41  SCV  
  17  1:42  Barracks  
  18  1:51  Refinery  
  18  1:53  SCV  
  19  2:00  Barracks Tech Lab  
  19  2:05  SCV  
  20  2:17  SCV  
  21  2:29  SCV  
  22  2:32  Barracks Reactor  
  22  2:35  Combat Shields  
  22  2:37  Marine  
  23  2:55  Marine, SCV  
  25  3:08  Ghost Academy  
  25  3:12  Barracks  
  25  3:13  Marine  
  26  3:29  Command Center  
  26  3:32  SCV  
  27  3:50  Personal Cloaking  
  27  3:54  Marine x3  
  30  4:05  Supply Depot  
  30  4:12  Orbital Command  
  30  4:39  Barracks Reactor  
  30  4:42  Stimpack  
  30  4:43  Marine  
  31  5:00  Marine, Factory, SCV  
  33  5:12  SCV  
  34  5:18  Marine  
  35  5:23  Terran Infantry Weapons Level 1  
  35  5:24  SCV  
  36  5:36  Ghost  
  38  5:46  Nuke  
  38  5:56  Factory Tech Lab  
  38  6:01  Starport  
  38  6:03  SCV  
  39  6:08  Refinery  
  39  6:15  SCV  
  40  6:27  Marine, SCV  
  40  6:28  Marine x4  
  46  6:34  Refinery  
  46  6:39  SCV  
  47  6:45  Marine x2  
  47  6:46  Marine x3  
  52  6:51  SCV  
  51  7:03  Marine x4, Ghost  
  57  7:21  Marine x4  
  61  7:39  Marine  
  50  8:23  Medivac  
  52  8:40  Terran Infantry Armor Level 1  
  52  8:47  Armory  
  52  8:53  Medivac  
  54  9:09  Marine  
  55  9:23  Medivac  
  57  9:27  Marine  
  58  9:45  Marine  
  59  9:53  Medivac  
  61  10:03  Marine  
  62  10:36  Marine  
  62  10:42  Marine x3  
  62  10:50  Marine  
  62  10:53  Marine  
  64  10:58  Supply Depot  
  64  10:59  Supply Depot  
  64  11:00  Marine x3  
  64  11:01  Supply Depot  
  64  11:03  Supply Depot  
  67  11:08  Marine  
  68  11:11  Marine  
  68  11:18  Marine x2  
  70  11:19  Marine  
  70  11:23  Supply Depot  
  70  11:26  Supply Depot  
  53  11:44  Siege Tank  
  53  11:46  Marine  
  57  11:53  Supply Depot x2  
  57  11:56  Supply Depot  
  57  12:04  Marine  
  52  12:15  Liberator  
  44  12:16  Supply Depot, Siege Tank  
  44  12:19  Supply Depot  
  44  12:22  Marine  
  41  12:24  Nuke  
  44  12:40  Marine  
  45  12:47  Marine x3  
  45  12:48  Marine  
  28  13:47  Barracks Tech Lab  
  26  13:54  Bunker  
  23  13:56  Bunker  
  23  13:57  Bunker  
  23  13:59  Bunker x2  
  23  14:00  Bunker  
  23  14:02  Bunker  
  21  14:03  Bunker x2  
  21  14:04  Bunker  
  21  14:05  Bunker  
  20  14:25  Bunker  
  20  14:31  Bunker  
Show
View Real Time Build Order
Export as new Build Order

Lonewolf Zerg 

Build Orders: Pool First 

Get SALT Encoding   

  12  0:02  Drone  
  13  0:08  Drone  
  14  0:19  Overlord  
  14  0:44  Drone x3  
  17  0:54  Spawning Pool  
  16  1:13  Drone x2  
  16  1:17  Extractor  
  17  1:20  Extractor  
  16  1:28  Drone x2  
  18  1:46  Zergling x2  
  19  1:48  Queen  
  19  1:51  Zergling x2  
  22  2:02  Overlord  
  22  2:16  Hatchery  
  21  2:24  Zergling x4  
  21  2:29  Lair  
  23  2:32  Metabolic Boost  
  23  2:37  Zergling x2  
  24  3:00  Zergling x10  
  29  3:28  Zergling x2  
  29  3:29  Zergling x8  
  34  3:42  Drone  
  34  3:45  Drone, Spire  
  25  5:28  Drone x3  
  26  5:31  Drone x3  
  26  5:33  Queen  
  31  5:40  Spire  
  31  5:41  Corruptor  
  29  6:09  Drone x3  
  32  6:22  Zerg Flyer Weapons Level 1  
  32  6:25  Corruptor x2  
  32  6:29  Overlord  
  36  7:32  Corruptor x4  
  44  8:25  Infestation Pit  
  43  8:32  Drone  
  44  8:34  Overlord  
  44  8:35  Overlord  
  44  9:04  Hive  
  44  9:06  Zerg Flyer Armor Level 1  
  44  9:21  Extractor  
  43  9:26  Extractor, Drone x5  
  43  9:27  Drone  
  48  9:41  Zerg Flyer Weapons Level 2  
  48  10:15  Corruptor  
  50  10:35  Drone x2  
  50  10:36  Drone x6  
  50  10:37  Drone  
  50  10:40  Overlord x6  
  50  10:41  Overlord x2  
  59  11:18  Corruptor  
  59  11:19  Corruptor x5  
  71  11:32  Zerg Flyer Armor Level 2  
  71  12:25  Greater Spire  
  71  12:38  Zergling x8  
  71  12:39  Zergling x10  
  71  12:44  Zergling x14  
  83  12:45  Zergling x12  
  83  12:46  Zergling x8  
  71  13:42  Brood Lord x5  
  71  13:43  Brood Lord x3  
Show
View Real Time Build Order
Export as new Build Order

ZeRiddle Terran 

Build Orders:  

Get SALT Encoding   

  12  0:02  SCV  
  13  0:22  Supply Depot  
  13  0:29  SCV  
  14  0:49  Supply Depot  
  14  0:56  Refinery  
  14  1:21  Barracks  
  14  1:38  SCV  
  15  1:50  SCV  
  16  2:22  Barracks Reactor  
  16  2:32  Engineering Bay  
  16  2:41  Barracks  
  16  2:54  Barracks  
  16  3:02  Missile Turret  
  16  3:08  Refinery, Terran Infantry Weapons Level 1  
  16  3:18  Marine x2  
  18  3:36  Marine x2  
  20  3:49  Barracks Reactor  
  20  3:50  Barracks Reactor  
  20  3:54  Marine x2  
  22  4:12  Factory  
  22  4:14  Orbital Command  
  22  4:37  Marine x4  
  22  4:38  Marine x2  
  28  4:55  Marine x3  
  31  5:01  Supply Depot  
  31  5:23  Marine x3  
  34  5:39  Factory Tech Lab  
  34  5:40  Command Center  
  34  6:16  Barracks  
  34  6:17  Siege Tank  
  37  6:32  Supply Depot  
  37  6:40  SCV  
  38  6:51  Marine  
  39  7:11  Barracks Tech Lab  
  39  7:16  SCV  
  40  7:28  SCV  
  40  7:29  Siege Tank  
  44  7:40  SCV  
  44  7:42  SCV  
  46  7:52  SCV  
  46  7:54  SCV  
  48  8:07  SCV  
  49  8:24  Supply Depot, SCV  
  49  8:27  Siege Tank  
  53  8:31  Marine  
  54  8:45  Supply Depot, Marine x4  
  54  8:46  SCV x2  
  60  8:58  SCV x2  
  62  9:07  Siege Tank  
  65  9:10  SCV  
  66  9:22  SCV  
  67  9:32  Reaper  
  67  9:33  Reaper x2  
  70  9:41  Supply Depot  
  70  10:03  Reaper x4, SCV  
  70  10:05  Reaper x3  
  77  10:15  SCV  
  78  10:34  Supply Depot  
  78  10:36  Supply Depot  
  78  10:51  Reaper x5, SCV  
  45  11:46  Reaper x6  
  45  11:47  Reaper  
  52  11:51  Siege Tank  
  55  11:57  Refinery  
  55  12:00  Refinery  
  55  12:03  Supply Depot  
  46  12:18  Reaper  
  46  12:19  Reaper  
  46  12:23  Siege Tank  
  27  12:55  Siege Tank  
  5  14:26  Orbital Command  
  5  15:07  Supply Depot  
  5  15:13  Barracks  
Show
View Real Time Build Order
Export as new Build Order

DemonicTutor Terran 

Build Orders:  

Get SALT Encoding   

  12  0:02  SCV  
  13  0:14  SCV  
  13  0:19  Supply Depot  
  14  0:26  SCV  
  15  0:41  SCV  
  16  0:43  Barracks  
  16  0:53  SCV  
  17  1:03  Refinery  
  17  1:05  SCV  
  18  1:17  SCV  
  19  1:31  Orbital Command  
  19  1:41  Command Center  
  19  1:45  Marine  
  20  1:53  Refinery  
  20  1:57  SCV  
  21  2:09  SCV  
  22  2:18  Refinery  
  22  2:19  Marine  
  23  2:29  Supply Depot  
  23  2:44  Refinery  
  23  2:51  SCV  
  24  2:53  SCV  
  24  2:54  Supply Depot  
  24  2:56  Supply Depot  
  25  3:03  SCV  
  25  3:05  SCV  
  27  3:09  Marine  
  28  3:15  SCV  
  28  3:17  SCV  
  30  3:24  Factory  
  30  3:27  Marine, SCV  
  30  3:29  SCV  
  30  3:32  Factory  
  33  3:39  SCV  
  34  3:45  Marine  
  34  3:47  Orbital Command  
  35  3:51  SCV  
  36  4:03  Marine, SCV  
  38  4:15  SCV  
  39  4:18  Starport  
  39  4:21  Marine  
  40  4:28  SCV  
  41  4:40  SCV  
  42  4:48  Factory Tech Lab  
  42  4:49  Starport  
  42  4:50  Factory Tech Lab  
  42  4:52  Marine  
  43  5:09  SCV  
  43  5:10  Marine  
  45  5:21  SCV  
  46  5:25  SCV  
  46  5:27  Marine  
  48  5:33  SCV  
  49  5:37  SCV  
  50  5:45  Marine, SCV  
  50  5:48  Fusion Core  
  50  5:49  SCV  
  53  5:57  SCV  
  53  6:01  SCV  
  53  6:03  Marine  
  56  6:06  Factory Tech Lab  
  56  6:12  Factory Tech Lab  
  56  6:13  SCV  
  56  6:17  Starport  
  57  7:06  Weapon Refit  
  57  7:09  Starport  
  57  7:14  SCV  
  58  7:28  Battlecruiser x2  
  70  7:33  Supply Depot  
  70  7:34  Supply Depot  
  70  7:36  Supply Depot  
  70  7:44  Battlecruiser  
  76  7:55  Battlecruiser  
  76  7:56  Supply Depot  
  82  7:59  Supply Depot  
  82  8:00  Supply Depot  
  82  8:20  Supply Depot  
  82  8:33  Battlecruiser x2  
  94  8:49  Battlecruiser  
  100  8:59  Battlecruiser  
  106  10:45  Battlecruiser  
  106  10:46  Battlecruiser x3  
Show
View Real Time Build Order
Export as new Build Order

Neravar Protoss - Winner!

Build Orders: Cannon Rush 

Get SALT Encoding   

  12  0:03  Probe (Chrono Boost)  
  13  0:13  Probe (Chrono Boost)  
  14  0:18  Probe (Chrono Boost)  
  15  0:35  Pylon  
  15  0:53  Probe  
  16  0:58  Forge  
  16  1:02  Gateway  
  16  1:05  Probe (Chrono Boost)  
  17  1:17  Probe (Chrono Boost)  
  18  1:24  Probe (Chrono Boost)  
  19  1:46  Photon Cannon  
  19  1:50  Photon Cannon  
  19  1:57  Photon Cannon  
  19  2:00  Photon Cannon  
  19  2:06  Cybernetics Core  
  19  2:12  Pylon  
  19  2:19  Probe (Chrono Boost)  
  20  2:24  Assimilator  
  20  2:29  Probe (Chrono Boost), Assimilator  
  21  2:49  Nexus  
  21  2:54  Assimilator  
  21  2:58  Assimilator  
  21  3:09  Pylon  
  21  3:30  Probe (Chrono Boost)  
  22  3:40  Probe (Chrono Boost)  
  23  3:45  Probe (Chrono Boost)  
  24  3:56  Probe  
  24  4:00  Protoss Shields Level 1  
  25  4:24  Photon Cannon  
  18  4:44  Photon Cannon  
  18  5:13  Probe (Chrono Boost)  
  19  5:23  Probe (Chrono Boost)  
  19  5:25  Nexus  
  20  5:28  Probe (Chrono Boost)  
  21  5:40  Probe, Photon Cannon  
  22  5:43  Pylon  
  22  5:52  Probe (Chrono Boost)  
  24  6:04  Probe (Chrono Boost)  
  24  6:09  Probe (Chrono Boost)  
  25  6:18  Probe  
  26  6:28  Stargate  
  26  6:34  Stargate  
  26  6:39  Stargate  
  26  6:44  Pylon  
  26  6:49  Probe (Chrono Boost)  
  28  6:56  Probe (Chrono Boost)  
  28  7:00  Probe (Chrono Boost)  
  29  7:04  Probe (Chrono Boost)  
  29  7:06  Probe (Chrono Boost)  
  29  7:07  Pylon  
  31  7:09  Probe (Chrono Boost)  
  31  7:13  Photon Cannon  
  31  7:15  Probe, Photon Cannon  
  32  7:20  Probe  
  34  7:28  Probe  
  35  7:32  Probe  
  36  7:39  Phoenix x3  
  42  7:53  Fleet Beacon  
  42  8:04  Phoenix x2  
  46  8:07  Probe (Chrono Boost)  
  47  8:15  Probe (Chrono Boost)  
  47  8:16  Protoss Air Weapons Level 1 (Chrono Boost)  
  47  8:17  Probe (Chrono Boost)  
  49  8:23  Probe (Chrono Boost)  
  49  8:25  Probe (Chrono Boost)  
  51  8:28  Probe (Chrono Boost)  
  51  8:33  Probe  
  53  8:39  Probe  
  66  8:45  Probe  
  66  8:47  Graviton Catapult  
  67  8:51  Probe  
  43  10:01  Nexus  
  43  10:03  Protoss Air Armor Level 1  
  37  10:15  Pylon  
  36  10:24  Pylon  
  36  10:37  Stalker  
  38  10:52  Nexus  
  38  10:54  Probe  
  39  11:05  Assimilator  
  39  11:06  Probe  
  39  11:07  Stalker  
  39  11:09  Assimilator  
  38  11:12  Pylon  
  21  11:18  Probe  
  19  11:39  Photon Cannon  
  18  11:41  Photon Cannon  
  18  11:42  Pylon  
  18  11:46  Photon Cannon  
  18  11:51  Photon Cannon  
  18  12:02  Photon Cannon  
  14  12:28  Nexus  
  14  12:40  Nexus  
  14  12:49  Stargate  
  14  12:55  Pylon  
  14  12:59  Pylon  
  6  13:26  Stargate  
  6  13:27  Stargate  
  6  13:38  Void Ray  
  10  13:52  Photon Cannon  
  10  13:54  Photon Cannon  
  10  13:57  Pylon  
  10  14:02  Photon Cannon  
  10  14:05  Photon Cannon  
  10  14:07  Pylon  
  10  14:09  Photon Cannon  
  10  14:21  Void Ray  
  14  14:55  Void Ray  
  18  15:05  Nexus  
  18  15:41  Void Ray  
  22  16:19  Probe (Chrono Boost)  
  23  16:30  Probe (Chrono Boost)  
  24  16:35  Probe (Chrono Boost)  
  25  16:46  Probe  
Show
View Real Time Build Order
Export as new Build Order

Infamous Protoss - Winner!

Build Orders:  

Get SALT Encoding   

  12  0:16  Pylon  
  12  0:18  Probe  
  13  0:30  Probe  
  14  0:36  Gateway  
  14  0:45  Probe  
  15  0:57  Probe  
  16  1:08  Assimilator  
  16  1:13  Gateway  
  16  1:16  Probe  
  17  1:24  Cybernetics Core  
  17  1:28  Probe  
  18  1:40  Probe  
  19  1:53  Probe  
  20  2:01  Stalker  
  22  2:11  Probe  
  23  2:23  Nexus  
  23  2:33  Pylon  
  23  2:40  Assimilator  
  23  2:41  Warp Gate (Chrono Boost)  
  23  2:44  Stalker (Chrono Boost)  
  23  2:51  Probe  
  28  3:01  Stalker (Chrono Boost)  
  28  3:03  Probe  
  29  3:15  Probe  
  30  3:27  Probe (Chrono Boost)  
  31  3:35  Stalker  
  31  3:39  Probe (Chrono Boost)  
  35  3:42  Probe (Chrono Boost)  
  35  3:50  Probe (Chrono Boost)  
  35  3:55  Probe  
  36  3:59  Robotics Facility  
  37  4:03  Probe  
  37  4:07  Pylon  
  36  4:30  Shield Battery  
  36  4:39  Forge  
  36  4:40  Probe (Chrono Boost)  
  36  4:45  Probe (Chrono Boost)  
  38  4:47  Immortal  
  38  4:51  Probe (Chrono Boost)  
  43  4:57  Pylon  
  43  4:58  Assimilator  
  43  5:02  Assimilator  
  43  5:07  Stalker x2  
  47  5:32  Probe x2  
  49  5:39  Photon Cannon  
  49  5:42  Photon Cannon, Stalker x2  
  51  5:48  Immortal (Chrono Boost)  
  57  6:05  Gateway  
  57  6:06  Gateway  
  57  6:07  Probe x2  
  59  6:11  Stalker  
  59  6:12  Gateway  
  59  6:14  Gateway  
  59  6:15  Gateway  
  61  6:19  Probe  
  62  6:34  Protoss Ground Weapons Level 1 (Chrono Boost)  
  62  6:36  Pylon  
  62  6:39  Forge  
  68  6:54  Probe x2, Immortal  
  68  6:57  Stalker  
  70  7:10  Pylon  
  68  7:29  Stalker x5  
  74  7:30  Stalker x2  
  78  7:41  Protoss Ground Armor Level 1 (Chrono Boost)  
  78  7:46  Pylon  
  78  7:49  Pylon  
  78  7:51  Observer (Chrono Boost)  
  78  7:52  Pylon  
  78  7:54  Pylon  
  67  7:59  Pylon  
  55  8:07  Zealot x5  
  55  8:08  Zealot x2  
  55  8:12  Immortal (Chrono Boost)  
  59  8:21  Pylon  
  59  8:22  Stalker x3  
  59  8:23  Stalker x4  
  73  8:38  Pylon  
  73  8:48  Immortal (Chrono Boost)  
  73  8:49  Protoss Shields Level 1 (Chrono Boost)  
  73  8:55  Probe, Twilight Council  
  77  8:56  Probe  
  79  9:05  Pylon  
  79  9:07  Robotics Bay  
  79  9:09  Zealot x3  
  85  9:12  Sentry x2  
  85  9:15  Sentry  
  91  9:34  Photon Cannon  
  91  9:35  Blink (Chrono Boost)  
  91  9:36  Photon Cannon  
  91  9:48  Stalker x3  
  91  9:51  Sentry x2  
  101  10:07  Protoss Ground Armor Level 2 (Chrono Boost)  
  101  10:28  Stalker x2  
  101  10:29  Stalker x4  
  113  10:48  Photon Cannon  
  113  10:49  Photon Cannon  
  113  10:50  Photon Cannon  
  113  11:03  Colossus  
  115  11:18  Robotics Facility  
  99  11:34  Stalker x6  
  99  11:37  Sentry  
  113  11:46  Protoss Ground Weapons Level 2 (Chrono Boost)  
  107  12:13  Stalker x3  
  107  12:14  Stalker x4  
  114  12:57  Stalker x2  
  114  12:58  Stalker x3  
  118  13:01  Zealot x2  
  118  13:25  Stalker x3  
  118  13:26  Stalker  
  126  13:27  Stalker  
  118  13:42  Pylon  
  118  13:45  Pylon  
  116  13:48  Pylon  
  116  13:58  Stalker  
  116  13:59  Stalker x4  
  116  14:33  Stalker x3  
  116  14:34  Stalker x4  
  120  15:53  Probe x2  
  122  16:05  Probe  
  122  16:08  Pylon  
  122  16:09  Pylon x3  
  122  16:10  Pylon  
  123  16:15  Probe  
  123  16:17  Probe  
  125  16:27  Probe  
  138  16:57  Stargate  
  138  16:59  Stargate  
  138  17:02  Stargate  
  138  17:03  Stargate  
  138  17:06  Stargate  
Show
View Real Time Build Order
Export as new Build Order

jsvat Zerg - Winner!

Build Orders: 3 Hatch before Pool 

Get SALT Encoding   

  12  0:57  Drone x2  
  12  0:58  Overlord  
  14  1:07  Hatchery  
  13  1:26  Hatchery  
  13  1:29  Drone  
  13  1:34  Drone x2  
  15  1:42  Drone  
  16  2:23  Drone x3  
  16  2:24  Drone  
  20  2:30  Drone, Spawning Pool  
  20  2:31  Extractor  
  19  2:50  Drone  
  19  2:51  Drone x4  
  23  2:52  Overlord  
  24  3:03  Drone  
  25  3:12  Drone x3  
  28  3:13  Drone  
  29  3:20  Extractor  
  29  3:23  Queen  
  29  3:25  Drone x2  
  29  3:26  Drone x2  
  34  3:27  Drone  
  34  3:30  Queen  
  37  3:36  Queen  
  39  3:53  Drone x3  
  39  3:54  Overlord  
  39  3:55  Overlord x2  
  42  4:11  Spine Crawler  
  42  4:13  Spine Crawler  
  42  4:15  Spine Crawler  
  39  4:18  Drone x3  
  42  4:27  Zergling x6  
  42  4:28  Zergling x6  
  48  4:34  Lair  
  48  4:36  Zergling x2  
  49  4:48  Drone x6  
  55  5:02  Metabolic Boost  
  52  5:20  Drone x9  
  52  5:21  Drone x5  
  62  5:36  Extractor  
  62  5:38  Extractor  
  62  5:41  Extractor  
  62  5:42  Extractor  
  58  5:53  Zergling x16  
  66  6:16  Spire  
  65  6:18  Spire  
  65  6:23  Drone x2  
  65  6:24  Overlord x4  
  65  6:25  Overlord x5  
  66  6:30  Burrow  
  66  6:39  Baneling Nest  
  65  6:40  Drone  
  66  6:47  Pneumatized Carapace  
  66  6:48  Drone x5  
  66  6:49  Drone x6  
  77  7:07  Drone x2  
  77  7:08  Drone x2  
  81  7:26  Evolution Chamber x2  
  81  7:27  Centrifical Hooks  
  81  7:28  Zergling x2  
  81  7:29  Zergling x16  
  88  7:31  Baneling x12  
  88  7:32  Baneling x4  
  88  7:36  Drone x4  
  92  7:42  Zerg Flyer Weapons Level 1, Hatchery, Zerg Flyer Armor Level 1  
  91  7:53  Spore Crawler  
  90  8:03  Spore Crawler, Hydralisk Den  
  90  8:05  Spore Crawler, Drone x4  
  89  8:06  Drone x7  
  89  8:09  Baneling  
  89  8:10  Baneling x17  
  98  8:40  Drone x5  
  98  8:41  Drone x7  
  110  8:44  Grooved Spines  
  110  8:50  Extractor x2  
  110  8:53  Zerg Missile Weapons Level 1  
  110  8:54  Zerg Ground Armor Level 1  
  108  8:58  Queen  
  110  9:13  Baneling x5, Hydralisk x5  
  110  9:14  Hydralisk x4  
  128  9:33  Overlord  
  128  9:34  Overlord x6  
  128  9:56  Muscular Augments  
  128  10:15  Spore Crawler  
  128  10:16  Spore Crawler x2  
  125  10:21  Hydralisk  
  125  10:22  Hydralisk x13  
  125  10:23  Hydralisk x2  
  157  10:29  Overseer  
  157  10:35  Baneling x8  
  157  10:36  Baneling x26  
  157  10:44  Baneling x24  
  153  11:00  Hydralisk x2  
  153  11:01  Hydralisk x6  
  153  11:03  Baneling x24, Overlord x9  
  168  11:09  Zerg Missile Weapons Level 2  
  168  11:10  Zerg Ground Armor Level 2  
  168  11:12  Zerg Flyer Weapons Level 2  
  168  11:13  Zerg Flyer Armor Level 2  
  167  11:30  Zergling x2  
  167  11:31  Zergling x20  
  167  11:42  Hydralisk x3  
  167  11:43  Hydralisk x9  
  191  11:53  Infestation Pit  
  190  12:01  Hatchery  
  184  12:22  Hydralisk x9  
  192  12:25  Hatchery  
  192  12:27  Hatchery  
  198  12:35  Hydralisk  
  200  12:41  Hive  
  190  13:11  Hydralisk x7  
  190  13:12  Hydralisk  
  196  13:39  Hydralisk  
  198  14:06  Extractor  
  198  14:07  Extractor  
  196  14:15  Hydralisk  
  196  15:55  Hydralisk x2  
Show
View Real Time Build Order
Export as new Build Order

LukasR Zerg - Winner!

Build Orders: Hatch First 

Get SALT Encoding   

  12  0:24  Drone x2  
  14  0:53  Extractor  
  13  1:02  Extractor  
  12  1:05  Overlord x3  
  12  1:27  Overlord  
  12  2:16  Drone x3  
  15  2:38  Drone  
  15  2:43  Drone  
  17  3:07  Drone x2  
  19  3:24  Drone  
  19  3:26  Drone  
  21  3:40  Pneumatized Carapace  
  21  4:31  Hatchery  
  20  4:39  Drone x3  
  23  5:01  Spawning Pool  
  22  5:14  Evolution Chamber  
  20  5:35  Extractor  
  1  6:55  Drone x3  
  1  6:57  Drone x2  
  1  6:58  Drone  
  7  9:00  Drone x3  
  10  9:03  Extractor x2, Drone x3  
  10  9:04  Queen  
  10  9:05  Queen  
  15  9:21  Drone  
  15  9:22  Drone  
  17  9:41  Drone  
  18  10:43  Drone x3  
  18  10:44  Drone x3  
  18  10:46  Drone  
  18  10:47  Drone x5  
Tags
 
Add a new tag
Caveats
  • Supply blocks, unpowered buildings, or Contaminate may cause inaccurate times.
  • Supply counts are checked every 10 seconds.